Wild vs Blackhawks

Created - Wednesday, April 08, 2015 at 00:05

Goals
1 2 3 T
Wild 0 1 0 1
Blackhawks 2 3 3 8
Shots
1 2 3 T
Wild 10 14 9 33
Blackhawks 13 8 14 35

1st period

1. Blackhawks , Justin Braun 12 (Jeff Carter) at 10:15
2. Blackhawks , Martin Hanzal 22 (Dustin Byfuglien, Ryan Callahan) at 10:35

Penalties :
Marek Zidlicky (Min) for Hooking (Minor) at 16:34

2nd period

3. Blackhawks , Brent Burns 27 (Torey Krug, Andrew Shaw) at 9:27
4. Wild , Thomas Vanek 52 (Derek Stepan) at 9:42 (PP)
5. Blackhawks , Michael Del Zotto 7 (Brent Burns, Andrew Shaw) at 10:54
6. Blackhawks , Brock Nelson 3 (Brent Burns, Jordie Benn) at 13:34

Penalties :
Alexandre Burrows (Min) for Delaying the game (Minor) at 1:33, Luke Schenn (Min) for High sticking (Minor) at 4:56, Chay Genoway (Chi) for Hooking (Minor) at 9:39, Andrew Shaw (Chi) for Tripping (Minor) at 19:42

3rd period

7. Blackhawks , Martin Hanzal 23 (Torey Krug) at 5:54 (PP)
8. Blackhawks , Jordie Benn 10 (Torey Krug, Jeff Carter) at 14:34
9. Blackhawks , Andrew Shaw 9 (Brent Burns) at 15:34

Penalties :
Drew Miller (Min) for Hooking (Minor) at 5:17

Goalie Stats

Antti Niemi (Min), 14 saves from 18 shots - (0.778), L, 42-17-6, 30:54 minutes
Niklas Backstrom (Min), 13 saves from 17 shots - (0.765), 29:06 minutes
Jimmy Howard (Chi), 32 saves from 33 shots - (0.970), W, 26-32-7, 60:00 minutes

Players Stats for Wild

Player Name              G  A  P  +/- PIM S  H  SB GA TA FO     MP     PP MP  PK MP  
------------------------------------------------------------------------------------
Alexandre Burrows        0  0  0  -1  2   3  2  2  1  0  3/10   16:26   0:00   1:00 
Brad Marchand            0  0  0  -3  0   1  0  0  1  0  1/2    12:52   0:41   1:02 
Bryce Salvador           0  0  0  -1  0   0  0  6  0  1  0/0    18:40   0:00   4:15 
Chris Neil               0  0  0  -2  0   3  2  0  0  0  0/0     8:17   0:00   0:00 
Cody Franson             0  0  0  -4  0   7  1  1  1  4  0/0    23:25   0:37   2:19 
Dan Boyle                0  0  0  -2  0   2  1  0  1  4  0/0    23:07   0:37   0:00 
Daniel Alfredsson        0  0  0  -1  0   1  1  1  3  0  0/1    15:25   0:41   0:00 
Derek Stepan             0  1  1  -1  0   0  1  1  1  2  5/16   17:52   1:21   0:00 
Drew Miller              0  0  0  -2  2   1  1  0  1  1  1/1    12:49   0:00   4:32 
Jason Chimera            0  0  0  -1  0   1  1  0  1  2  0/0    14:44   0:00   0:00 
Jerred Smithson          0  0  0  -2  0   2  1  0  0  0  3/8    10:24   0:00   1:25 
Jordan Eberle            0  0  0  -1  0   1  0  0  1  1  1/1    17:52   1:21   0:00 
Luke Schenn              0  0  0  -1  2   0  2  2  1  2  0/0    17:13   1:25   1:27 
Marek Zidlicky           0  0  0  -4  2   1  0  1  1  0  0/0    16:45   1:25   0:52 
Mark Streit              0  0  0  -2  0   1  2  0  0  1  0/0    21:29   0:00   4:15 
Maxime Talbot            0  0  0  -3  0   2  1  1  0  0  4/15   17:00   0:41   5:09 
Thomas Vanek             1  0  1  -1  0   5  1  0  4  0  1/4    17:52   1:21   0:00 
Tuomo Ruutu              0  0  0  -3  0   2  0  0  0  0  0/0    11:09   0:00   0:00 

Players Stats for Blackhawks

Player Name              G  A  P  +/- PIM S  H  SB GA TA FO     MP     PP MP  PK MP  
------------------------------------------------------------------------------------
Andrew Shaw              1  2  3   4  2   1  3  0  1  1  5/8    15:51   0:00   0:00 
Barret Jackman           0  0  0   1  0   1  1  0  0  1  0/0    20:22   0:00   1:08 
Brent Burns              1  3  4   4  0   2  1  0  4  0  1/5    19:42   3:04   0:53 
Brock Nelson             1  0  1   4  0   2  1  2  1  0  1/1    19:23   3:24   0:00 
Chay Genoway             0  0  0   3  2   0  1  0  0  1  0/0    15:57   0:00   0:00 
Dustin Byfuglien         0  1  1   1  0   6  2  2  3  1  0/0    25:04   3:04   1:08 
Ed Jovanovski            0  0  0   0  0   0  0  0  0  0  0/0     0:00   0:00   0:00 
Jeff Carter              0  2  2   2  0   3  5  0  9  1  11/16  19:13   3:10   1:09 
Jordie Benn              1  1  2   3  0   2  1  2  0  0  0/0    16:28   0:00   0:54 
Justin Braun             1  0  1   3  0   3  0  1  1  3  0/0    16:52   0:00   0:54 
Justin Fontaine          0  0  0   0  0   0  0  0  0  0  0/0    12:19   3:10   0:00 
Martin Hanzal            2  0  2   1  0   4  0  1  3  1  14/18  16:45   3:24   1:09 
Michael Del Zotto        1  0  1   1  0   1  1  1  0  0  0/0    22:40   3:30   0:00 
Mike Hoffman             0  0  0   2  0   0  0  0  0  0  0/0    14:29   0:00   0:00 
Ryan Callahan            0  1  1   1  0   5  1  0  4  0  1/1    16:11   3:24   0:53 
Torey Krug               0  3  3   3  0   1  0  3  2  0  0/0    19:31   3:30   0:00 
Tyler Toffoli            0  0  0   2  0   3  2  0  4  0  1/3    18:07   3:10   0:00 
Will Acton               0  0  0   0  0   1  0  2  0  0  5/6     9:02   0:00   0:00 

3 Stars

1 - Brent Burns (Chi)
2 - Andrew Shaw (Chi)
3 - Jordie Benn (Chi)

Power Play

Wild - 1 on 2 Attempt(s) - 50.00%
Blackhawks - 1 on 5 Attempt(s) - 20.00%

Penalty Kill

Wild - 4 on 5 Attempt(s) - 80.00% - Score 0 goal in Penalty Kill
Blackhawks - 1 on 2 Attempt(s) - 50.00% - Score 0 goal in Penalty Kill

Team Stat

Wild - Hits : 17 - Faceoff Wins : 19 - Blocked Shots : 15 - Penalty Minutes : 8
Blackhawks - Hits : 19 - Faceoff Wins : 39 - Blocked Shots : 14 - Penalty Minutes : 4

Official

Referees : Unknown
Linesman : Unknown

Game Notes

9:44 of 1st period - Penalty Shot by Alexandre Burrows for Wild - Stopped by Jimmy Howard
Niklas Backstrom enters game at 10:54 of 2nd period

Finance

Level 1 -- Attendance: 5287 (88.12%) -- Ticket Income $449,395
Level 2 -- Attendance: 3839 (76.78%) -- Ticket Income $211,145
Level 3 -- Attendance: 1959 (97.95%) -- Ticket Income $58,770
Level 4 -- Attendance: 4000 (100.00%) -- Ticket Income $72,000
Luxury Box -- Attendance: 944 (94.40%) -- Ticket Income $169,920
Game was played at the United Center'
Total Attendance: 16029 (89.05%)
Total Ticket Income: $961,230
Other Income: $471,003
Total Income: $1,432,233

Wild

5 vs 5 Forward 
   Center                   Left Wing                Right Wing               Time % Phy DF OF 
 1 Derek Stepan             Thomas Vanek             Jordan Eberle            35     1   2  2  
 2 Alexandre Burrows        Jason Chimera            Daniel Alfredsson        30     1   2  2  
 3 Maxime Talbot            Brad Marchand            Tuomo Ruutu              22     1   2  2  
 4 Jerred Smithson          Drew Miller              Chris Neil               13     1   2  2  

5 vs 5 Defense 
   Defense                  Defense                                           Time % Phy DF OF 
 1 Mark Streit              Dan Boyle                                         35     1   2  2  
 2 Cody Franson             Marek Zidlicky                                    30     1   2  2  
 3 Bryce Salvador           Luke Schenn                                       22     1   2  2  
 4 Cody Franson             Dan Boyle                                         13     1   2  2  

PowerPlay Forward 
   Center                   Left Wing                Right Wing               Time % Phy DF OF 
 1 Derek Stepan             Thomas Vanek             Jordan Eberle            60     1   2  2  
 2 Maxime Talbot            Brad Marchand            Daniel Alfredsson        40     1   2  2  

PowerPlay Defense
   Defense                  Defense                                           Time % Phy DF OF 
 1 Marek Zidlicky           Luke Schenn                                       60     1   2  2  
 2 Dan Boyle                Cody Franson                                      40     1   2  2  

Penalty Kill 4 Players Forward 
   Center                   Wing                     Time % Phy DF OF 
 1 Maxime Talbot            Drew Miller              60     1   2  2  
 2 Jerred Smithson          Alexandre Burrows        40     1   2  2  

Penalty Kill 4 Players Defense
   Defense                  Defense                  Time % Phy DF OF 
 1 Bryce Salvador           Mark Streit              60     1   2  2  
 2 Luke Schenn              Cody Franson             40     1   2  2  

Penalty Kill - 3 Players Forward 
   Forward                                           Time % Phy DF OF 
 1 Drew Miller                                       60     1   2  2  
 2 Maxime Talbot                                     40     1   2  2  

Penalty Kill - 3 Players Defense
   Defense                  Defense                  Time % Phy DF OF 
 1 Bryce Salvador           Mark Streit              60     1   2  2  
 2 Luke Schenn              Cody Franson             40     1   2  2  

4 vs 4 Forward 
   Center                   Wing                     Time % Phy DF OF 
 1 Alexandre Burrows        Jason Chimera            60     1   2  2  
 2 Maxime Talbot            Tuomo Ruutu              40     1   2  2  

4 vs 4 Defense
   Defense                  Defense                  Time % Phy DF OF 
 1 Cody Franson             Mark Streit              60     1   2  2  
 2 Dan Boyle                Marek Zidlicky           40     1   2  2  

Last Minutes Offensive
   Center                   Left Wing                Right Wing               Defense                  Defense                  
   Derek Stepan             Thomas Vanek             Jordan Eberle            Luke Schenn              Dan Boyle                

Last Minutes Defensive
   Center                   Left Wing                Right Wing               Defense                  Defense                  
   Jerred Smithson          Drew Miller              Maxime Talbot            Bryce Salvador           Mark Streit              

Goaltenders
Starting : Antti Niemi              
Backup : Niklas Backstrom         

Extra Forwards
Normal : Brad Marchand, Thomas Vanek, Daniel Alfredsson - PP : Jason Chimera, Alexandre Burrows - PK : Brad Marchand
Extra Defensemen
Normal : Marek Zidlicky, Dan Boyle, Cody Franson - PP : Bryce Salvador - PK : Marek Zidlicky, Dan Boyle
Penalty Shots
Jordan Eberle, Tuomo Ruutu, Alexandre Burrows, Thomas Vanek, Daniel Alfredsson

Blackhawks

5 vs 5 Forward 
   Center                   Left Wing                Right Wing               Time % Phy DF OF 
 1 Martin Hanzal            Dustin Byfuglien         Ryan Callahan            30     1   2  2  
 2 Jeff Carter              Mike Hoffman             Tyler Toffoli            25     1   2  2  
 3 Andrew Shaw              Brock Nelson             Brent Burns              25     2   2  1  
 4 Will Acton               Dustin Byfuglien         Justin Fontaine          20     2   2  1  

5 vs 5 Defense 
   Defense                  Defense                                           Time % Phy DF OF 
 1 Barret Jackman           Michael Del Zotto                                 30     1   2  2  
 2 Justin Braun             Chay Genoway                                      30     1   2  2  
 3 Jordie Benn              Torey Krug                                        30     1   2  2  
 4 Barret Jackman           Michael Del Zotto                                 10     1   2  2  

PowerPlay Forward 
   Center                   Left Wing                Right Wing               Time % Phy DF OF 
 1 Jeff Carter              Tyler Toffoli            Justin Fontaine          50     0   1  4  
 2 Martin Hanzal            Brock Nelson             Ryan Callahan            50     0   1  4  

PowerPlay Defense
   Defense                  Defense                                           Time % Phy DF OF 
 1 Brent Burns              Dustin Byfuglien                                  50     0   2  3  
 2 Michael Del Zotto        Torey Krug                                        50     0   2  3  

Penalty Kill 4 Players Forward 
   Center                   Wing                     Time % Phy DF OF 
 1 Brent Burns              Ryan Callahan            50     1   3  1  
 2 Martin Hanzal            Jeff Carter              50     1   3  1  

Penalty Kill 4 Players Defense
   Defense                  Defense                  Time % Phy DF OF 
 1 Barret Jackman           Dustin Byfuglien         50     2   3  0  
 2 Jordie Benn              Justin Braun             50     2   3  0  

Penalty Kill - 3 Players Forward 
   Forward                                           Time % Phy DF OF 
 1 Ryan Callahan                                     50     1   4  0  
 2 Jeff Carter                                       50     1   4  0  

Penalty Kill - 3 Players Defense
   Defense                  Defense                  Time % Phy DF OF 
 1 Barret Jackman           Dustin Byfuglien         50     1   4  0  
 2 Jordie Benn              Justin Braun             50     1   4  0  

4 vs 4 Forward 
   Center                   Wing                     Time % Phy DF OF 
 1 Jeff Carter              Tyler Toffoli            50     0   2  3  
 2 Martin Hanzal            Ryan Callahan            50     0   2  3  

4 vs 4 Defense
   Defense                  Defense                  Time % Phy DF OF 
 1 Justin Braun             Chay Genoway             50     1   2  2  
 2 Jordie Benn              Torey Krug               50     1   2  2  

Last Minutes Offensive
   Center                   Left Wing                Right Wing               Defense                  Defense                  
   Martin Hanzal            Ryan Callahan            Jeff Carter              Dustin Byfuglien         Michael Del Zotto        

Last Minutes Defensive
   Center                   Left Wing                Right Wing               Defense                  Defense                  
   Martin Hanzal            Dustin Byfuglien         Ryan Callahan            Justin Braun             Barret Jackman           

Goaltenders
Starting : Jimmy Howard             
Backup : Craig Anderson           

Extra Forwards
Normal : Jeff Carter, Tyler Toffoli, Ryan Callahan - PP : Ryan Callahan, Jeff Carter - PK : Ryan Callahan
Extra Defensemen
Normal : Justin Braun, Torey Krug, Dustin Byfuglien - PP : Brent Burns - PK : Justin Braun, Dustin Byfuglien
Penalty Shots
Martin Hanzal, Brent Burns, Jeff Carter, Ryan Callahan, Dustin Byfuglien

% Time on Ice - Wild

Lines # - Real PCT - Wanted PCT - Time Play
Normal Forward
1 - 32% - 35% - 16:32
2 - 30% - 30% - 15:26
3 - 22% - 22% - 11:09
4 - 16% - 13% - 8:17
Normal Defense
1 - 34% - 35% - 17:14
2 - 29% - 30% - 14:47
3 - 27% - 22% - 13:41
4 - 11% - 13% - 5:42
PP Forward
1 - 66% - 60% - 1:21
2 - 34% - 40% - 0:41
PP Defense
1 - 70% - 60% - 1:25
2 - 30% - 40% - 0:37
PK Forward
1 - 78% - 60% - 5:09
2 - 22% - 40% - 1:25
PK Defense
1 - 65% - 60% - 4:15
2 - 35% - 40% - 2:19
PK3 Forward
1 - 0% - 60%
2 - 0% - 40%
PK3 Defense
1 - 0% - 60%
2 - 0% - 40%
44 Forward
1 - 0% - 60%
2 - 0% - 40%
44 Defense
1 - 0% - 60%
2 - 0% - 40%
Last Minute Offensive  - 0:00
Last Minute Defensive  - 0:00
Total
Forward - 60:00
Defense - 60:00

% Time on Ice - Blackhawks

Lines # - Real PCT - Wanted PCT - Time Play
Normal Forward
1 - 23% - 30% - 11:36
2 - 30% - 25% - 15:12
3 - 30% - 25% - 15:34
4 - 18% - 20% - 9:02
Normal Defense
1 - 30% - 30% - 15:13
2 - 32% - 30% - 16:25
3 - 30% - 30% - 15:34
4 - 8% - 10% - 4:12
PP Forward
1 - 48% - 50% - 3:10
2 - 52% - 50% - 3:24
PP Defense
1 - 47% - 50% - 3:04
2 - 53% - 50% - 3:30
PK Forward
1 - 43% - 50% - 0:53
2 - 57% - 50% - 1:09
PK Defense
1 - 56% - 50% - 1:08
2 - 44% - 50% - 0:54
PK3 Forward
1 - 0% - 50%
2 - 0% - 50%
PK3 Defense
1 - 0% - 50%
2 - 0% - 50%
44 Forward
1 - 0% - 50%
2 - 0% - 50%
44 Defense
1 - 0% - 50%
2 - 0% - 50%
Last Minute Offensive  - 0:00
Last Minute Defensive  - 0:00
Total
Forward - 60:00
Defense - 60:00

Play by Play

1st period


0:01 of 1st period - Derek Stepan wins face-off versus Martin Hanzal in neutral zone.
0:06 of 1st period - Ryan Callahan is hit by Derek Stepan.
0:21 of 1st period - Wrist shot by Jordan Eberle.
0:21 of 1st period - Shot Misses the Net.
1:10 of 1st period - Wrist shot by Tyler Toffoli.
1:10 of 1st period - Shot Misses the Net.
1:12 of 1st period - Wrist shot by Torey Krug.
1:12 of 1st period - Stopped by Antti Niemi without a rebound.
1:13 of 1st period - Brent Burns wins face-off versus Maxime Talbot in Wild zone.
2:26 of 1st period - Chay Genoway is hit by Chris Neil and loses puck.
2:59 of 1st period - Snap shot by Jeff Carter.
2:59 of 1st period - Shot Misses the Net.
3:01 of 1st period - Snap shot by Jeff Carter.
3:01 of 1st period - Stopped by Antti Niemi without a rebound.
3:02 of 1st period - Jeff Carter wins face-off versus Thomas Vanek in Wild zone.
3:05 of 1st period - Snap shot by Tyler Toffoli.
3:05 of 1st period - Shot Misses the Net.
3:29 of 1st period - Snap shot by Thomas Vanek.
3:29 of 1st period - Stopped by Jimmy Howard without a rebound.
3:30 of 1st period - Maxime Talbot wins face-off versus Martin Hanzal in Blackhawks zone.
3:35 of 1st period - Slapshot by Tuomo Ruutu.
3:35 of 1st period - Shot Misses the Net.
3:43 of 1st period - Slapshot by Ryan Callahan.
3:43 of 1st period - Deflect By Dustin Byfuglien.
3:43 of 1st period - Stopped by Antti Niemi with a rebound.
3:51 of 1st period - Snap shot by Martin Hanzal.
3:51 of 1st period - Stopped by Antti Niemi with a rebound.
3:53 of 1st period - Wrist shot by Martin Hanzal.
3:53 of 1st period - Shot Misses the Net.
3:59 of 1st period - Wrist shot by Ryan Callahan.
3:59 of 1st period - Shot Misses the Net.
4:19 of 1st period - Alexandre Burrows is hit by Jordie Benn.
4:41 of 1st period - Wrist shot by Jason Chimera.
4:41 of 1st period - Stopped by Jimmy Howard with a rebound.
4:43 of 1st period - Snap shot by Cody Franson.
4:43 of 1st period - Stopped by Jimmy Howard without a rebound.
4:44 of 1st period - Jeff Carter wins face-off versus Derek Stepan in Blackhawks zone.
4:53 of 1st period - Slapshot by Jeff Carter.
4:53 of 1st period - Shot Misses the Net.
5:37 of 1st period - Michael Del Zotto is hit by Luke Schenn and loses puck.
5:52 of 1st period - Slapshot by Luke Schenn.
5:52 of 1st period - Shot Blocked by Michael Del Zotto.
5:54 of 1st period - Snap shot by Chris Neil.
5:54 of 1st period - Shot Misses the Net.
5:56 of 1st period - Backhand shot by Luke Schenn.
5:56 of 1st period - Shot Blocked by Will Acton.
5:58 of 1st period - Slapshot by Drew Miller.
5:58 of 1st period - Shot Misses the Net.
6:00 of 1st period - Snap shot by Jerred Smithson.
6:00 of 1st period - Shot Misses the Net.
6:02 of 1st period - Slapshot by Bryce Salvador.
6:02 of 1st period - Deflect By Drew Miller.
6:02 of 1st period - Shot Hit the Post.
6:02 of 1st period - Puck is out of play.
6:03 of 1st period - Andrew Shaw wins face-off versus Alexandre Burrows in Blackhawks zone.
6:10 of 1st period - Brock Nelson is hit by Alexandre Burrows and loses puck.
6:53 of 1st period - Backhand shot by Tuomo Ruutu.
6:53 of 1st period - Shot Misses the Net.
6:55 of 1st period - Slapshot by Mark Streit.
6:55 of 1st period - Deflect By Brad Marchand.
6:55 of 1st period - Shot Misses the Net.
6:55 of 1st period - Puck is out of play.
6:56 of 1st period - Brad Marchand wins face-off versus Tyler Toffoli in Blackhawks zone.
6:59 of 1st period - Slapshot by Mark Streit.
6:59 of 1st period - Deflect By Tuomo Ruutu.
6:59 of 1st period - Stopped by Jimmy Howard with a rebound.
7:01 of 1st period - Backhand shot by Brad Marchand.
7:01 of 1st period - Shot Misses the Net.
7:49 of 1st period - Torey Krug is hit by Dan Boyle and loses puck.
7:56 of 1st period - Wrist shot by Jordan Eberle.
7:56 of 1st period - Stopped by Jimmy Howard without a rebound.
7:57 of 1st period - Jerred Smithson wins face-off versus Martin Hanzal in Blackhawks zone.
8:00 of 1st period - Snap shot by Chris Neil.
8:00 of 1st period - Shot Blocked by Dustin Byfuglien.
8:02 of 1st period - Snap shot by Jerred Smithson.
8:02 of 1st period - Stopped by Jimmy Howard with a rebound.
8:04 of 1st period - Wrist shot by Drew Miller.
8:04 of 1st period - Shot Blocked by Martin Hanzal.
8:06 of 1st period - Backhand shot by Bryce Salvador.
8:06 of 1st period - Deflect By Drew Miller.
8:06 of 1st period - Shot Misses the Net.
8:06 of 1st period - Puck is out of play.
8:07 of 1st period - Will Acton wins face-off versus Jerred Smithson in Blackhawks zone.
8:28 of 1st period - Wrist shot by Dustin Byfuglien.
8:28 of 1st period - Shot Hit the Post.
8:30 of 1st period - Wrist shot by Dustin Byfuglien.
8:30 of 1st period - Stopped by Antti Niemi without a rebound.
8:31 of 1st period - Andrew Shaw wins face-off versus Derek Stepan in Wild zone.
9:32 of 1st period - Jason Chimera is hit by Barret Jackman and loses puck.
9:44 of 1st period - Penalty Shot by Alexandre Burrows for Wild.
9:44 of 1st period - Backhand shot by Alexandre Burrows.
9:44 of 1st period - Stopped by Jimmy Howard.
9:45 of 1st period - Maxime Talbot wins face-off versus Tyler Toffoli in Wild zone.
10:13 of 1st period - Snap shot by Jeff Carter.
10:13 of 1st period - Shot Misses the Net.
10:15 of 1st period - Backhand shot by Justin Braun.
10:15 of 1st period - Goal by Justin Braun - Wild : 0 - Blackhawks : 1.
10:16 of 1st period - Martin Hanzal wins face-off versus Alexandre Burrows in neutral zone.
10:31 of 1st period - Wrist shot by Ryan Callahan.
10:31 of 1st period - Shot Misses the Net.
10:33 of 1st period - Wrist shot by Dustin Byfuglien.
10:33 of 1st period - Stopped by Antti Niemi with a rebound.
10:35 of 1st period - Snap shot by Martin Hanzal.
10:35 of 1st period - Goal by Martin Hanzal - Wild : 0 - Blackhawks : 2.
10:36 of 1st period - Martin Hanzal wins face-off versus Derek Stepan in neutral zone.
11:30 of 1st period - Derek Stepan is hit by Michael Del Zotto and loses puck.
12:40 of 1st period - Luke Schenn is hit by Jeff Carter and loses puck.
12:53 of 1st period - Wrist shot by Dustin Byfuglien.
12:53 of 1st period - Stopped by Antti Niemi with a rebound.
12:55 of 1st period - Slapshot by Will Acton.
12:55 of 1st period - Shot Misses the Net.
12:57 of 1st period - Slapshot by Jordie Benn.
12:57 of 1st period - Shot Blocked by Bryce Salvador.
12:59 of 1st period - Slapshot by Jordie Benn.
12:59 of 1st period - Stopped by Antti Niemi with a rebound.
13:01 of 1st period - Snap shot by Dustin Byfuglien.
13:01 of 1st period - Shot Misses the Net.
13:03 of 1st period - Snap shot by Will Acton.
13:03 of 1st period - Stopped by Antti Niemi with a rebound.
13:09 of 1st period - Snap shot by Dustin Byfuglien.
13:09 of 1st period - Stopped by Antti Niemi without a rebound.
13:10 of 1st period - Martin Hanzal wins face-off versus Maxime Talbot in Wild zone.
14:22 of 1st period - Chris Neil is hit by Andrew Shaw and loses puck.
15:32 of 1st period - Backhand shot by Maxime Talbot.
15:32 of 1st period - Stopped by Jimmy Howard with a rebound.
15:34 of 1st period - Slapshot by Bryce Salvador.
15:34 of 1st period - Shot Misses the Net.
15:36 of 1st period - Slapshot by Brad Marchand.
15:36 of 1st period - Stopped by Jimmy Howard without a rebound.
15:37 of 1st period - Will Acton wins face-off versus Brad Marchand in Blackhawks zone.
15:42 of 1st period - Slapshot by Torey Krug.
15:42 of 1st period - Shot Blocked by Bryce Salvador.
16:02 of 1st period - Slapshot by Andrew Shaw.
16:02 of 1st period - Deflect By Luke Schenn.
16:02 of 1st period - Shot Misses the Net.
16:02 of 1st period - Puck is out of play.
16:03 of 1st period - Brock Nelson wins face-off versus Alexandre Burrows in Wild zone.
16:10 of 1st period - Slapshot by Andrew Shaw.
16:10 of 1st period - Shot Misses the Net.
16:34 of 1st period - Minor Penalty to Marek Zidlicky for Hooking.
16:35 of 1st period - Jeff Carter wins face-off versus Maxime Talbot in Wild zone.
16:57 of 1st period - Snap shot by Tyler Toffoli.
16:57 of 1st period - Deflect By Bryce Salvador.
16:57 of 1st period - Stopped by Antti Niemi with a rebound.
17:46 of 1st period - Drew Miller is hit by Ryan Callahan and loses puck.
18:17 of 1st period - Backhand shot by Alexandre Burrows.
18:17 of 1st period - Stopped by Jimmy Howard with a rebound.
18:34 of 1st period - Penalty to Marek Zidlicky is over, Marek Zidlicky is back on ice.
18:50 of 1st period - Off-side.
18:51 of 1st period - Thomas Vanek wins face-off versus Will Acton in neutral zone.
19:44 of 1st period - Bryce Salvador is hit by Andrew Shaw.
19:58 of 1st period - Wrist shot by Daniel Alfredsson.
19:58 of 1st period - Stopped by Jimmy Howard without a rebound.
19:59 of 1st period - Maxime Talbot wins face-off versus Martin Hanzal in Blackhawks zone.
Goals for this period are 0 for Wild vs 2 for Blackhawks.
Shots for this period are 10 for Wild vs 13 for Blackhawks.

2nd period


0:01 of 2nd period - Martin Hanzal wins face-off versus Thomas Vanek in neutral zone.
0:58 of 2nd period - Mark Streit is hit by Jeff Carter and loses puck.
1:14 of 2nd period - Daniel Alfredsson is hit by Jeff Carter and loses puck.
1:31 of 2nd period - Snap shot by Brock Nelson.
1:31 of 2nd period - Shot Misses the Net.
1:33 of 2nd period - Minor Penalty to Alexandre Burrows for Delaying the game.
1:34 of 2nd period - Martin Hanzal wins face-off versus Maxime Talbot in Wild zone.
2:37 of 2nd period - Maxime Talbot is hit by Brent Burns and loses puck.
3:06 of 2nd period - Wrist shot by Ryan Callahan.
3:06 of 2nd period - Stopped by Antti Niemi with a rebound.
3:08 of 2nd period - Wrist shot by Ryan Callahan.
3:08 of 2nd period - Shot Misses the Net.
3:10 of 2nd period - Wrist shot by Brock Nelson.
3:10 of 2nd period - Shot Misses the Net.
3:12 of 2nd period - Slapshot by Torey Krug.
3:12 of 2nd period - Deflect By Ryan Callahan.
3:12 of 2nd period - Stopped by Antti Niemi without a rebound.
3:13 of 2nd period - Martin Hanzal wins face-off versus Maxime Talbot in Wild zone.
3:33 of 2nd period - Penalty to Alexandre Burrows is over, Alexandre Burrows is back on ice.
3:56 of 2nd period - Wrist shot by Thomas Vanek.
3:56 of 2nd period - Stopped by Jimmy Howard with a rebound.
3:58 of 2nd period - Slapshot by Cody Franson.
3:58 of 2nd period - Stopped by Jimmy Howard with a rebound.
4:00 of 2nd period - Slapshot by Marek Zidlicky.
4:00 of 2nd period - Shot Blocked by Brock Nelson.
4:02 of 2nd period - Snap shot by Thomas Vanek.
4:02 of 2nd period - Stopped by Jimmy Howard without a rebound.
4:03 of 2nd period - Will Acton wins face-off versus Daniel Alfredsson in Blackhawks zone.
4:03 of 2nd period - Will Acton is hit by Jason Chimera.
4:21 of 2nd period - Slapshot by Daniel Alfredsson.
4:21 of 2nd period - Shot Misses the Net.
4:39 of 2nd period - Wrist shot by Ryan Callahan.
4:39 of 2nd period - Shot Misses the Net.
4:41 of 2nd period - Slapshot by Justin Braun.
4:41 of 2nd period - Deflect By Cody Franson.
4:41 of 2nd period - Stopped by Antti Niemi with a rebound.
4:45 of 2nd period - Wrist shot by Ryan Callahan.
4:45 of 2nd period - Deflect By Cody Franson.
4:45 of 2nd period - Shot Misses the Net.
4:45 of 2nd period - Puck is out of play.
4:46 of 2nd period - Martin Hanzal wins face-off versus Derek Stepan in Wild zone.
4:56 of 2nd period - Minor Penalty to Luke Schenn for High sticking.
4:57 of 2nd period - Maxime Talbot wins face-off versus Jeff Carter in Wild zone.
5:13 of 2nd period - Backhand shot by Mark Streit.
5:13 of 2nd period - Stopped by Jimmy Howard with a rebound.
5:37 of 2nd period - Snap shot by Ryan Callahan.
5:37 of 2nd period - Deflect By Brock Nelson.
5:37 of 2nd period - Shot Blocked by Bryce Salvador.
5:37 of 2nd period - Puck is out of play.
5:38 of 2nd period - Ryan Callahan wins face-off versus Maxime Talbot in Wild zone.
5:57 of 2nd period - Snap shot by Ryan Callahan.
5:57 of 2nd period - Shot Misses the Net.
6:29 of 2nd period - Marek Zidlicky is hit by Jeff Carter.
6:35 of 2nd period - Justin Fontaine is hit by Drew Miller and loses puck.
6:56 of 2nd period - Penalty to Luke Schenn is over, Luke Schenn is back on ice.
9:25 of 2nd period - Snap shot by Andrew Shaw.
9:25 of 2nd period - Shot Blocked by Maxime Talbot.
9:27 of 2nd period - Slapshot by Torey Krug.
9:27 of 2nd period - Deflect By Brent Burns.
9:27 of 2nd period - Goal by Brent Burns - Wild : 0 - Blackhawks : 3.
9:28 of 2nd period - Derek Stepan wins face-off versus Jeff Carter in neutral zone.
9:30 of 2nd period - Off-side.
9:31 of 2nd period - Tyler Toffoli wins face-off versus Derek Stepan in neutral zone.
9:39 of 2nd period - Minor Penalty to Chay Genoway for Hooking.
9:40 of 2nd period - Derek Stepan wins face-off versus Brent Burns in Blackhawks zone.
9:42 of 2nd period - Wrist shot by Thomas Vanek.
9:42 of 2nd period - Goal by Thomas Vanek - Wild : 1 - Blackhawks : 3.
9:43 of 2nd period - Martin Hanzal wins face-off versus Derek Stepan in neutral zone.
10:10 of 2nd period - Snap shot by Derek Stepan.
10:10 of 2nd period - Shot Blocked by Jordie Benn.
10:12 of 2nd period - Slapshot by Dan Boyle.
10:12 of 2nd period - Shot Blocked by Dustin Byfuglien.
10:14 of 2nd period - Snap shot by Mark Streit.
10:14 of 2nd period - Deflect By Derek Stepan.
10:14 of 2nd period - Shot Blocked by Torey Krug.
10:14 of 2nd period - Puck is out of play.
10:15 of 2nd period - Andrew Shaw wins face-off versus Jerred Smithson in Blackhawks zone.
10:15 of 2nd period - Andrew Shaw is hit by Jerred Smithson.
10:32 of 2nd period - Off-side.
10:33 of 2nd period - Jerred Smithson wins face-off versus Brent Burns in neutral zone.
10:38 of 2nd period - Slapshot by Cody Franson.
10:38 of 2nd period - Stopped by Jimmy Howard with a rebound.
10:52 of 2nd period - Snap shot by Brent Burns.
10:52 of 2nd period - Shot Blocked by Cody Franson.
10:54 of 2nd period - Slapshot by Michael Del Zotto.
10:54 of 2nd period - Goal by Michael Del Zotto - Wild : 1 - Blackhawks : 4.
10:54 of 2nd period - Niklas Backstrom enters game.
10:55 of 2nd period - Martin Hanzal wins face-off versus Maxime Talbot in neutral zone.
11:12 of 2nd period - Slapshot by Dan Boyle.
11:12 of 2nd period - Shot Blocked by Torey Krug.
11:14 of 2nd period - Snap shot by Maxime Talbot.
11:14 of 2nd period - Shot Misses the Net.
11:16 of 2nd period - Wrist shot by Mark Streit.
11:16 of 2nd period - Shot Misses the Net.
11:18 of 2nd period - Snap shot by Tuomo Ruutu.
11:18 of 2nd period - Shot Misses the Net.
11:20 of 2nd period - Slapshot by Maxime Talbot.
11:20 of 2nd period - Stopped by Jimmy Howard with a rebound.
11:22 of 2nd period - Wrist shot by Tuomo Ruutu.
11:22 of 2nd period - Stopped by Jimmy Howard with a rebound.
11:30 of 2nd period - Slapshot by Dan Boyle.
11:30 of 2nd period - Stopped by Jimmy Howard without a rebound.
11:31 of 2nd period - Jeff Carter wins face-off versus Derek Stepan in Blackhawks zone.
11:41 of 2nd period - Snap shot by Jeff Carter.
11:41 of 2nd period - Shot Misses the Net.
11:43 of 2nd period - Slapshot by Michael Del Zotto.
11:43 of 2nd period - Deflect By Jeff Carter.
11:43 of 2nd period - Stopped by Niklas Backstrom without a rebound.
11:44 of 2nd period - Jordan Eberle wins face-off versus Jeff Carter in Wild zone.
11:57 of 2nd period - Thomas Vanek is hit by Tyler Toffoli and loses puck.
12:38 of 2nd period - Will Acton is hit by Alexandre Burrows and loses puck.
12:53 of 2nd period - Mark Streit is hit by Dustin Byfuglien and loses puck.
13:34 of 2nd period - Slapshot by Brock Nelson.
13:34 of 2nd period - Goal by Brock Nelson - Wild : 1 - Blackhawks : 5.
13:35 of 2nd period - Andrew Shaw wins face-off versus Maxime Talbot in neutral zone.
13:42 of 2nd period - Wrist shot by Brent Burns.
13:42 of 2nd period - Stopped by Niklas Backstrom with a rebound.
13:50 of 2nd period - Snap shot by Dan Boyle.
13:50 of 2nd period - Stopped by Jimmy Howard with a rebound.
13:52 of 2nd period - Slapshot by Dan Boyle.
13:52 of 2nd period - Shot Blocked by Brock Nelson.
14:32 of 2nd period - Justin Braun is hit by Thomas Vanek and loses puck.
14:51 of 2nd period - Off-side.
14:52 of 2nd period - Jeff Carter wins face-off versus Alexandre Burrows in neutral zone.
15:03 of 2nd period - Snap shot by Alexandre Burrows.
15:03 of 2nd period - Stopped by Jimmy Howard without a rebound.
15:04 of 2nd period - Jeff Carter wins face-off versus Alexandre Burrows in Blackhawks zone.
16:01 of 2nd period - Jeff Carter is hit by Chris Neil and loses puck.
16:32 of 2nd period - Slapshot by Torey Krug.
16:32 of 2nd period - Shot Blocked by Derek Stepan.
16:35 of 2nd period - Icing by Bryce Salvador.
16:36 of 2nd period - Derek Stepan wins face-off versus Brent Burns in Wild zone.
16:36 of 2nd period - Derek Stepan is hit by Brock Nelson.
17:39 of 2nd period - Slapshot by Dustin Byfuglien.
17:39 of 2nd period - Shot Blocked by Luke Schenn.
18:11 of 2nd period - Snap shot by Daniel Alfredsson.
18:11 of 2nd period - Shot Misses the Net.
18:13 of 2nd period - Wrist shot by Dan Boyle.
18:13 of 2nd period - Shot Misses the Net.
18:15 of 2nd period - Snap shot by Daniel Alfredsson.
18:15 of 2nd period - Deflect By Alexandre Burrows.
18:15 of 2nd period - Stopped by Jimmy Howard with a rebound.
18:17 of 2nd period - Slapshot by Mark Streit.
18:17 of 2nd period - Shot Blocked by Torey Krug.
18:19 of 2nd period - Snap shot by Jason Chimera.
18:19 of 2nd period - Deflect By Martin Hanzal.
18:19 of 2nd period - Shot Blocked by Jordie Benn.
18:19 of 2nd period - Puck is out of play.
18:20 of 2nd period - Alexandre Burrows wins face-off versus Jeff Carter in Blackhawks zone.
18:58 of 2nd period - Off-side.
18:59 of 2nd period - Drew Miller wins face-off versus Andrew Shaw in neutral zone.
19:04 of 2nd period - Snap shot by Marek Zidlicky.
19:04 of 2nd period - Stopped by Jimmy Howard with a rebound.
19:20 of 2nd period - Slapshot by Marek Zidlicky.
19:20 of 2nd period - Deflect By Chris Neil.
19:20 of 2nd period - Stopped by Jimmy Howard with a rebound.
19:42 of 2nd period - Minor Penalty to Andrew Shaw for Tripping.
19:43 of 2nd period - Martin Hanzal wins face-off versus Derek Stepan in Blackhawks zone.
19:43 of 2nd period - Martin Hanzal is hit by Luke Schenn.
Goals for this period are 1 for Wild vs 3 for Blackhawks.
Shots for this period are 14 for Wild vs 8 for Blackhawks.

3rd period


0:01 of 3rd period - Derek Stepan wins face-off versus Brent Burns in neutral zone.
1:03 of 3rd period - Barret Jackman is hit by Maxime Talbot and loses puck.
1:42 of 3rd period - Penalty to Andrew Shaw is over, Andrew Shaw is back on ice.
2:10 of 3rd period - Snap shot by Chris Neil.
2:10 of 3rd period - Stopped by Jimmy Howard with a rebound.
2:12 of 3rd period - Snap shot by Bryce Salvador.
2:12 of 3rd period - Deflect By Chris Neil.
2:12 of 3rd period - Stopped by Jimmy Howard without a rebound.
2:13 of 3rd period - Will Acton wins face-off versus Jerred Smithson in Blackhawks zone.
2:20 of 3rd period - Slapshot by Torey Krug.
2:20 of 3rd period - Deflect By Tyler Toffoli.
2:20 of 3rd period - Stopped by Niklas Backstrom without a rebound.
2:21 of 3rd period - Alexandre Burrows wins face-off versus Andrew Shaw in Wild zone.
2:52 of 3rd period - Snap shot by Andrew Shaw.
2:52 of 3rd period - Shot Misses the Net.
2:54 of 3rd period - Snap shot by Brock Nelson.
2:54 of 3rd period - Stopped by Niklas Backstrom with a rebound.
2:56 of 3rd period - Snap shot by Brent Burns.
2:56 of 3rd period - Shot Misses the Net.
3:27 of 3rd period - Brad Marchand is hit by Tyler Toffoli and loses puck.
4:00 of 3rd period - Slapshot by Cody Franson.
4:00 of 3rd period - Stopped by Jimmy Howard with a rebound.
4:12 of 3rd period - Slapshot by Ryan Callahan.
4:12 of 3rd period - Stopped by Niklas Backstrom with a rebound.
4:26 of 3rd period - Wrist shot by Ryan Callahan.
4:26 of 3rd period - Stopped by Niklas Backstrom with a rebound.
5:02 of 3rd period - Snap shot by Brent Burns.
5:02 of 3rd period - Shot Misses the Net.
5:17 of 3rd period - Minor Penalty to Drew Miller for Hooking.
5:18 of 3rd period - Martin Hanzal wins face-off versus Maxime Talbot in Wild zone.
5:24 of 3rd period - Snap shot by Ryan Callahan.
5:24 of 3rd period - Stopped by Niklas Backstrom without a rebound.
5:25 of 3rd period - Martin Hanzal wins face-off versus Maxime Talbot in Wild zone.
5:28 of 3rd period - Slapshot by Martin Hanzal.
5:28 of 3rd period - Stopped by Niklas Backstrom with a rebound.
5:54 of 3rd period - Slapshot by Martin Hanzal.
5:54 of 3rd period - Goal by Martin Hanzal - Wild : 1 - Blackhawks : 6.
5:55 of 3rd period - Will Acton wins face-off versus Derek Stepan in neutral zone.
6:22 of 3rd period - Slapshot by Jordan Eberle.
6:22 of 3rd period - Shot Blocked by Justin Braun.
7:11 of 3rd period - Barret Jackman is hit by Mark Streit and loses puck.
7:31 of 3rd period - Slapshot by Andrew Shaw.
7:31 of 3rd period - Shot Misses the Net.
7:33 of 3rd period - Wrist shot by Brent Burns.
7:33 of 3rd period - Shot Blocked by Alexandre Burrows.
8:49 of 3rd period - Off-side.
8:50 of 3rd period - Jerred Smithson wins face-off versus Jeff Carter in neutral zone.
9:14 of 3rd period - Snap shot by Drew Miller.
9:14 of 3rd period - Stopped by Jimmy Howard without a rebound.
9:15 of 3rd period - Alexandre Burrows wins face-off versus Andrew Shaw in Blackhawks zone.
9:29 of 3rd period - Wrist shot by Alexandre Burrows.
9:29 of 3rd period - Shot Misses the Net.
9:49 of 3rd period - Torey Krug is hit by Daniel Alfredsson and loses puck.
10:10 of 3rd period - Luke Schenn is hit by Dustin Byfuglien and loses puck.
10:21 of 3rd period - Snap shot by Martin Hanzal.
10:21 of 3rd period - Shot Blocked by Bryce Salvador.
10:23 of 3rd period - Snap shot by Barret Jackman.
10:23 of 3rd period - Deflect By Bryce Salvador.
10:23 of 3rd period - Stopped by Niklas Backstrom with a rebound.
10:27 of 3rd period - Slapshot by Martin Hanzal.
10:27 of 3rd period - Shot Blocked by Luke Schenn.
10:29 of 3rd period - Snap shot by Michael Del Zotto.
10:29 of 3rd period - Shot Misses the Net.
10:47 of 3rd period - Maxime Talbot is hit by Jeff Carter and loses puck.
11:41 of 3rd period - Wrist shot by Dustin Byfuglien.
11:41 of 3rd period - Stopped by Niklas Backstrom with a rebound.
11:43 of 3rd period - Slapshot by Justin Braun.
11:43 of 3rd period - Stopped by Niklas Backstrom with a rebound.
11:45 of 3rd period - Wrist shot by Dustin Byfuglien.
11:45 of 3rd period - Shot Misses the Net.
12:21 of 3rd period - Wrist shot by Drew Miller.
12:21 of 3rd period - Shot Misses the Net.
12:29 of 3rd period - Marek Zidlicky is hit by Andrew Shaw and loses puck.
13:09 of 3rd period - Icing by Mark Streit.
13:10 of 3rd period - Jeff Carter wins face-off versus Alexandre Burrows in Wild zone.
13:24 of 3rd period - Barret Jackman is hit by Mark Streit and loses puck.
14:20 of 3rd period - Snap shot by Cody Franson.
14:20 of 3rd period - Stopped by Jimmy Howard with a rebound.
14:22 of 3rd period - Snap shot by Cody Franson.
14:22 of 3rd period - Deflect By Jerred Smithson.
14:22 of 3rd period - Stopped by Jimmy Howard with a rebound.
14:24 of 3rd period - Slapshot by Cody Franson.
14:24 of 3rd period - Stopped by Jimmy Howard without a rebound.
14:25 of 3rd period - Jeff Carter wins face-off versus Jerred Smithson in Blackhawks zone.
14:32 of 3rd period - Slapshot by Torey Krug.
14:32 of 3rd period - Shot Blocked by Marek Zidlicky.
14:34 of 3rd period - Slapshot by Jordie Benn.
14:34 of 3rd period - Goal by Jordie Benn - Wild : 1 - Blackhawks : 7.
14:35 of 3rd period - Jeff Carter wins face-off versus Alexandre Burrows in neutral zone.
14:42 of 3rd period - Wrist shot by Jeff Carter.
14:42 of 3rd period - Shot Blocked by Daniel Alfredsson.
14:44 of 3rd period - Snap shot by Mike Hoffman.
14:44 of 3rd period - Shot Blocked by Alexandre Burrows.
14:46 of 3rd period - Slapshot by Michael Del Zotto.
14:46 of 3rd period - Shot Misses the Net.
14:48 of 3rd period - Snap shot by Jeff Carter.
14:48 of 3rd period - Stopped by Niklas Backstrom with a rebound.
15:22 of 3rd period - Snap shot by Andrew Shaw.
15:22 of 3rd period - Deflect By Brent Burns.
15:22 of 3rd period - Shot Misses the Net.
15:22 of 3rd period - Puck is out of play.
15:23 of 3rd period - Andrew Shaw wins face-off versus Thomas Vanek in Wild zone.
15:34 of 3rd period - Slapshot by Andrew Shaw.
15:34 of 3rd period - Goal by Andrew Shaw - Wild : 1 - Blackhawks : 8.
15:35 of 3rd period - Martin Hanzal wins face-off versus Derek Stepan in neutral zone.
15:41 of 3rd period - Wrist shot by Thomas Vanek.
15:41 of 3rd period - Stopped by Jimmy Howard with a rebound.
15:43 of 3rd period - Slapshot by Cody Franson.
15:43 of 3rd period - Stopped by Jimmy Howard without a rebound.
15:44 of 3rd period - Martin Hanzal wins face-off versus Derek Stepan in Blackhawks zone.
16:45 of 3rd period - Slapshot by Torey Krug.
16:45 of 3rd period - Shot Misses the Net.
17:19 of 3rd period - Off-side.
17:20 of 3rd period - Jeff Carter wins face-off versus Maxime Talbot in neutral zone.
17:45 of 3rd period - Snap shot by Tyler Toffoli.
17:45 of 3rd period - Stopped by Niklas Backstrom with a rebound.
17:47 of 3rd period - Snap shot by Mike Hoffman.
17:47 of 3rd period - Shot Blocked by Bryce Salvador.
17:49 of 3rd period - Slapshot by Chay Genoway.
17:49 of 3rd period - Shot Misses the Net.
17:51 of 3rd period - Wrist shot by Mike Hoffman.
17:51 of 3rd period - Shot Misses the Net.
17:53 of 3rd period - Snap shot by Jeff Carter.
17:53 of 3rd period - Shot Blocked by Bryce Salvador.
17:55 of 3rd period - Slapshot by Justin Braun.
17:55 of 3rd period - Shot Misses the Net.
18:18 of 3rd period - Luke Schenn is hit by Chay Genoway.
18:55 of 3rd period - Wrist shot by Derek Stepan.
18:55 of 3rd period - Shot Blocked by Will Acton.
19:09 of 3rd period - Andrew Shaw is hit by Cody Franson and loses puck.
19:52 of 3rd period - Wrist shot by Drew Miller.
19:52 of 3rd period - Deflect By Chris Neil.
19:52 of 3rd period - Shot Misses the Net.
19:52 of 3rd period - Puck is out of play.
19:53 of 3rd period - Jeff Carter wins face-off versus Jerred Smithson in Blackhawks zone.
Goals for this period are 0 for Wild vs 3 for Blackhawks.
Shots for this period are 9 for Wild vs 14 for Blackhawks.


Output by the SimonT Hockey Simulator (STHS) for Eric Dolegowski -- Original Page W3C XHTML 1.0 Valid
Hockey Simulator - Hockey Simulation - Hockey Manager